Workbook

Sheet Dati prestito
A1: Prestito ristrutturazione immobiliare
A2: Parametro | B2: Valore
A3: Intestatario | B3: Marco Rossi
A4: Codice fiscale | B4: RSSMRC80A01F205X
A5: Immobile | B5: Via Roma 12, Milano
A6: Finalità | B6: Ristrutturazione appartamento
A7: Importo finanziato | B7: 85000
A8: Data erogazione | B8: 46037
A9: Durata (mesi) | B9: 120
A10: TAN annuo | B10: 0.0425
A11: TAEG | B11: 0.0482
A12: Rata mensile | B12: =IF(OR('Dati prestito'!$B$7="",'Dati prestito'!$B$9="",'Dati prestito'!$B$10="",'Dati prestito'!$B$9<=0),"",-PMT('Dati prestito'!$B$10/12,'Dati prestito'!$B$9,'Dati prestito'!$B$7))
A13: Totale rimborsato | B13: =IF(OR('Dati prestito'!$B$12="",'Dati prestito'!$B$9=""),"",'Dati prestito'!$B$12*'Dati prestito'!$B$9)
A14: Interessi totali | B14: =IF(OR('Dati prestito'!$B$13="",'Dati prestito'!$B$7=""),"",'Dati prestito'!$B$13-'Dati prestito'!$B$7)
A15: Incidenza interessi sul capitale | B15: =IFERROR('Dati prestito'!$B$14/'Dati prestito'!$B$7,"")
A16: Controllo durata | B16: =IF('Dati prestito'!$B$9="","",IF('Dati prestito'!$B$9>120,"Durata superiore a 10 anni","Durata ordinaria"))
A17: Periodicità | B17: Mensile
A18: Società finanziatrice | B18: Banca Immobiliare Italia S.p.A.
A19: Spese istruttoria | B19: 650
A20: Assicurazione | B20: 420
A21: Lavori previsti | B21: Efficientamento energetico, bagno e cucina
A22: APE previsto | B22: Classe B
A23: Costo iniziale accessorio | B23: =IF(OR('Dati prestito'!$B$19="",'Dati prestito'!$B$20=""),"",'Dati prestito'!$B$19+'Dati prestito'!$B$20)

Sheet Piano ammortamento
A1: Piano di ammortamento alla francese
A2: =IF('Dati prestito'!$B$9>=1,1,"") | B2: =IF(OR(A2="",'Dati prestito'!$B$8=""),"",EDATE('Dati prestito'!$B$8,A2)) | C2: =IF(OR(A2="",'Dati prestito'!$B$7=""),"",'Dati prestito'!$B$7) | D2: =IF(OR(A2="",'Dati prestito'!$B$12=""),"",'Dati prestito'!$B$12) | E2: =IF(OR(A2="",D2="",F2=""),"",D2-F2) | F2: =IF(OR(A2="",C2="",'Dati prestito'!$B$10=""),"",C2*'Dati prestito'!$B$10/12) | G2: =IF(OR(A2="",C2="",E2=""),"",MAX(0,C2-E2)) | H2: =IF(OR(A2="",F2=""),"",SUM($F$2:F2)) | I2: =IF(OR(A2="",E2=""),"",SUM($E$2:E2)) | J2: =IF(OR(A2="",B2=""),"",IF(K2="Rata pagata","Pagata",IF(K2="Da pagare","Da pagare",IF(B2<=TODAY(),"Scaduta","Da pagare")))) | K2: Rata pagata
A3: =IF(OR(A2="",A2>='Dati prestito'!$B$9),"",A2+1) | B3: =IF(OR(A3="",'Dati prestito'!$B$8=""),"",EDATE('Dati prestito'!$B$8,A3)) | C3: =IF(OR(A3="",G2=""),"",G2) | D3: =IF(OR(A3="",'Dati prestito'!$B$12=""),"",'Dati prestito'!$B$12) | E3: =IF(OR(A3="",D3="",F3=""),"",D3-F3) | F3: =IF(OR(A3="",C3="",'Dati prestito'!$B$10=""),"",C3*'Dati prestito'!$B$10/12) | G3: =IF(OR(A3="",C3="",E3=""),"",MAX(0,C3-E3)) | H3: =IF(OR(A3="",F3=""),"",SUM($F$2:F3)) | I3: =IF(OR(A3="",E3=""),"",SUM($E$2:E3)) | J3: =IF(OR(A3="",B3=""),"",IF(K3="Rata pagata","Pagata",IF(K3="Da pagare","Da pagare",IF(B3<=TODAY(),"Scaduta","Da pagare")))) | K3: Rata pagata
A4: =IF(OR(A3="",A3>='Dati prestito'!$B$9),"",A3+1) | B4: =IF(OR(A4="",'Dati prestito'!$B$8=""),"",EDATE('Dati prestito'!$B$8,A4)) | C4: =IF(OR(A4="",G3=""),"",G3) | D4: =IF(OR(A4="",'Dati prestito'!$B$12=""),"",'Dati prestito'!$B$12) | E4: =IF(OR(A4="",D4="",F4=""),"",D4-F4) | F4: =IF(OR(A4="",C4="",'Dati prestito'!$B$10=""),"",C4*'Dati prestito'!$B$10/12) | G4: =IF(OR(A4="",C4="",E4=""),"",MAX(0,C4-E4)) | H4: =IF(OR(A4="",F4=""),"",SUM($F$2:F4)) | I4: =IF(OR(A4="",E4=""),"",SUM($E$2:E4)) | J4: =IF(OR(A4="",B4=""),"",IF(K4="Rata pagata","Pagata",IF(K4="Da pagare","Da pagare",IF(B4<=TODAY(),"Scaduta","Da pagare")))) | K4: Rata pagata
A5: =IF(OR(A4="",A4>='Dati prestito'!$B$9),"",A4+1) | B5: =IF(OR(A5="",'Dati prestito'!$B$8=""),"",EDATE('Dati prestito'!$B$8,A5)) | C5: =IF(OR(A5="",G4=""),"",G4) | D5: =IF(OR(A5="",'Dati prestito'!$B$12=""),"",'Dati prestito'!$B$12) | E5: =IF(OR(A5="",D5="",F5=""),"",D5-F5) | F5: =IF(OR(A5="",C5="",'Dati prestito'!$B$10=""),"",C5*'Dati prestito'!$B$10/12) | G5: =IF(OR(A5="",C5="",E5=""),"",MAX(0,C5-E5)) | H5: =IF(OR(A5="",F5=""),"",SUM($F$2:F5)) | I5: =IF(OR(A5="",E5=""),"",SUM($E$2:E5)) | J5: =IF(OR(A5="",B5=""),"",IF(K5="Rata pagata","Pagata",IF(K5="Da pagare","Da pagare",IF(B5<=TODAY(),"Scaduta","Da pagare")))) | K5: Rata pagata
A6: =IF(OR(A5="",A5>='Dati prestito'!$B$9),"",A5+1) | B6: =IF(OR(A6="",'Dati prestito'!$B$8=""),"",EDATE('Dati prestito'!$B$8,A6)) | C6: =IF(OR(A6="",G5=""),"",G5) | D6: =IF(OR(A6="",'Dati prestito'!$B$12=""),"",'Dati prestito'!$B$12) | E6: =IF(OR(A6="",D6="",F6=""),"",D6-F6) | F6: =IF(OR(A6="",C6="",'Dati prestito'!$B$10=""),"",C6*'Dati prestito'!$B$10/12) | G6: =IF(OR(A6="",C6="",E6=""),"",MAX(0,C6-E6)) | H6: =IF(OR(A6="",F6=""),"",SUM($F$2:F6)) | I6: =IF(OR(A6="",E6=""),"",SUM($E$2:E6)) | J6: =IF(OR(A6="",B6=""),"",IF(K6="Rata pagata","Pagata",IF(K6="Da pagare","Da pagare",IF(B6<=TODAY(),"Scaduta","Da pagare")))) | K6: Rata pagata
A7: =IF(OR(A6="",A6>='Dati prestito'!$B$9),"",A6+1) | B7: =IF(OR(A7="",'Dati prestito'!$B$8=""),"",EDATE('Dati prestito'!$B$8,A7)) | C7: =IF(OR(A7="",G6=""),"",G6) | D7: =IF(OR(A7="",'Dati prestito'!$B$12=""),"",'Dati prestito'!$B$12) | E7: =IF(OR(A7="",D7="",F7=""),"",D7-F7) | F7: =IF(OR(A7="",C7="",'Dati prestito'!$B$10=""),"",C7*'Dati prestito'!$B$10/12) | G7: =IF(OR(A7="",C7="",E7=""),"",MAX(0,C7-E7)) | H7: =IF(OR(A7="",F7=""),"",SUM($F$2:F7)) | I7: =IF(OR(A7="",E7=""),"",SUM($E$2:E7)) | J7: =IF(OR(A7="",B7=""),"",IF(K7="Rata pagata","Pagata",IF(K7="Da pagare","Da pagare",IF(B7<=TODAY(),"Scaduta","Da pagare")))) | K7: Da pagare
A8: =IF(OR(A7="",A7>='Dati prestito'!$B$9),"",A7+1) | B8: =IF(OR(A8="",'Dati prestito'!$B$8=""),"",EDATE('Dati prestito'!$B$8,A8)) | C8: =IF(OR(A8="",G7=""),"",G7) | D8: =IF(OR(A8="",'Dati prestito'!$B$12=""),"",'Dati prestito'!$B$12) | E8: =IF(OR(A8="",D8="",F8=""),"",D8-F8) | F8: =IF(OR(A8="",C8="",'Dati prestito'!$B$10=""),"",C8*'Dati prestito'!$B$10/12) | G8: =IF(OR(A8="",C8="",E8=""),"",MAX(0,C8-E8)) | H8: =IF(OR(A8="",F8=""),"",SUM($F$2:F8)) | I8: =IF(OR(A8="",E8=""),"",SUM($E$2:E8)) | J8: =IF(OR(A8="",B8=""),"",IF(K8="Rata pagata","Pagata",IF(K8="Da pagare","Da pagare",IF(B8<=TODAY(),"Scaduta","Da pagare")))) | K8: Da pagare
A9: =IF(OR(A8="",A8>='Dati prestito'!$B$9),"",A8+1) | B9: =IF(OR(A9="",'Dati prestito'!$B$8=""),"",EDATE('Dati prestito'!$B$8,A9)) | C9: =IF(OR(A9="",G8=""),"",G8) | D9: =IF(OR(A9="",'Dati prestito'!$B$12=""),"",'Dati prestito'!$B$12) | E9: =IF(OR(A9="",D9="",F9=""),"",D9-F9) | F9: =IF(OR(A9="",C9="",'Dati prestito'!$B$10=""),"",C9*'Dati prestito'!$B$10/12) | G9: =IF(OR(A9="",C9="",E9=""),"",MAX(0,C9-E9)) | H9: =IF(OR(A9="",F9=""),"",SUM($F$2:F9)) | I9: =IF(OR(A9="",E9=""),"",SUM($E$2:E9)) | J9: =IF(OR(A9="",B9=""),"",IF(K9="Rata pagata","Pagata",IF(K9="Da pagare","Da pagare",IF(B9<=TODAY(),"Scaduta","Da pagare")))) | K9: Da pagare
A10: =IF(OR(A9="",A9>='Dati prestito'!$B$9),"",A9+1) | B10: =IF(OR(A10="",'Dati prestito'!$B$8=""),"",EDATE('Dati prestito'!$B$8,A10)) | C10: =IF(OR(A10="",G9=""),"",G9) | D10: =IF(OR(A10="",'Dati prestito'!$B$12=""),"",'Dati prestito'!$B$12) | E10: =IF(OR(A10="",D10="",F10=""),"",D10-F10) | F10: =IF(OR(A10="",C10="",'Dati prestito'!$B$10=""),"",C10*'Dati prestito'!$B$10/12) | G10: =IF(OR(A10="",C10="",E10=""),"",MAX(0,C10-E10)) | H10: =IF(OR(A10="",F10=""),"",SUM($F$2:F10)) | I10: =IF(OR(A10="",E10=""),"",SUM($E$2:E10)) | J10: =IF(OR(A10="",B10=""),"",IF(K10="Rata pagata","Pagata",IF(K10="Da pagare","Da pagare",IF(B10<=TODAY(),"Scaduta","Da pagare")))) | K10: Da pagare
A11: =IF(OR(A10="",A10>='Dati prestito'!$B$9),"",A10+1) | B11: =IF(OR(A11="",'Dati prestito'!$B$8=""),"",EDATE('Dati prestito'!$B$8,A11)) | C11: =IF(OR(A11="",G10=""),"",G10) | D11: =IF(OR(A11="",'Dati prestito'!$B$12=""),"",'Dati prestito'!$B$12) | E11: =IF(OR(A11="",D11="",F11=""),"",D11-F11) | F11: =IF(OR(A11="",C11="",'Dati prestito'!$B$10=""),"",C11*'Dati prestito'!$B$10/12) | G11: =IF(OR(A11="",C11="",E11=""),"",MAX(0,C11-E11)) | H11: =IF(OR(A11="",F11=""),"",SUM($F$2:F11)) | I11: =IF(OR(A11="",E11=""),"",SUM($E$2:E11)) | J11: =IF(OR(A11="",B11=""),"",IF(K11="Rata pagata","Pagata",IF(K11="Da pagare","Da pagare",IF(B11<=TODAY(),"Scaduta","Da pagare")))) | K11: Da pagare
A12: =IF(OR(A11="",A11>='Dati prestito'!$B$9),"",A11+1) | B12: =IF(OR(A12="",'Dati prestito'!$B$8=""),"",EDATE('Dati prestito'!$B$8,A12)) | C12: =IF(OR(A12="",G11=""),"",G11) | D12: =IF(OR(A12="",'Dati prestito'!$B$12=""),"",'Dati prestito'!$B$12) | E12: =IF(OR(A12="",D12="",F12=""),"",D12-F12) | F12: =IF(OR(A12="",C12="",'Dati prestito'!$B$10=""),"",C12*'Dati prestito'!$B$10/12) | G12: =IF(OR(A12="",C12="",E12=""),"",MAX(0,C12-E12)) | H12: =IF(OR(A12="",F12=""),"",SUM($F$2:F12)) | I12: =IF(OR(A12="",E12=""),"",SUM($E$2:E12)) | J12: =IF(OR(A12="",B12=""),"",IF(K12="Rata pagata","Pagata",IF(K12="Da pagare","Da pagare",IF(B12<=TODAY(),"Scaduta","Da pagare"))))
A13: =IF(OR(A12="",A12>='Dati prestito'!$B$9),"",A12+1) | B13: =IF(OR(A13="",'Dati prestito'!$B$8=""),"",EDATE('Dati prestito'!$B$8,A13)) | C13: =IF(OR(A13="",G12=""),"",G12) | D13: =IF(OR(A13="",'Dati prestito'!$B$12=""),"",'Dati prestito'!$B$12) | E13: =IF(OR(A13="",D13="",F13=""),"",D13-F13) | F13: =IF(OR(A13="",C13="",'Dati prestito'!$B$10=""),"",C13*'Dati prestito'!$B$10/12) | G13: =IF(OR(A13="",C13="",E13=""),"",MAX(0,C13-E13)) | H13: =IF(OR(A13="",F13=""),"",SUM($F$2:F13)) | I13: =IF(OR(A13="",E13=""),"",SUM($E$2:E13)) | J13: =IF(OR(A13="",B13=""),"",IF(K13="Rata pagata","Pagata",IF(K13="Da pagare","Da pagare",IF(B13<=TODAY(),"Scaduta","Da pagare"))))
A14: =IF(OR(A13="",A13>='Dati prestito'!$B$9),"",A13+1) | B14: =IF(OR(A14="",'Dati prestito'!$B$8=""),"",EDATE('Dati prestito'!$B$8,A14)) | C14: =IF(OR(A14="",G13=""),"",G13) | D14: =IF(OR(A14="",'Dati prestito'!$B$12=""),"",'Dati prestito'!$B$12) | E14: =IF(OR(A14="",D14="",F14=""),"",D14-F14) | F14: =IF(OR(A14="",C14="",'Dati prestito'!$B$10=""),"",C14*'Dati prestito'!$B$10/12) | G14: =IF(OR(A14="",C14="",E14=""),"",MAX(0,C14-E14)) | H14: =IF(OR(A14="",F14=""),"",SUM($F$2:F14)) | I14: =IF(OR(A14="",E14=""),"",SUM($E$2:E14)) | J14: =IF(OR(A14="",B14=""),"",IF(K14="Rata pagata","Pagata",IF(K14="Da pagare","Da pagare",IF(B14<=TODAY(),"Scaduta","Da pagare"))))
A15: =IF(OR(A14="",A14>='Dati prestito'!$B$9),"",A14+1) | B15: =IF(OR(A15="",'Dati prestito'!$B$8=""),"",EDATE('Dati prestito'!$B$8,A15)) | C15: =IF(OR(A15="",G14=""),"",G14) | D15: =IF(OR(A15="",'Dati prestito'!$B$12=""),"",'Dati prestito'!$B$12) | E15: =IF(OR(A15="",D15="",F15=""),"",D15-F15) | F15: =IF(OR(A15="",C15="",'Dati prestito'!$B$10=""),"",C15*'Dati prestito'!$B$10/12) | G15: =IF(OR(A15="",C15="",E15=""),"",MAX(0,C15-E15)) | H15: =IF(OR(A15="",F15=""),"",SUM($F$2:F15)) | I15: =IF(OR(A15="",E15=""),"",SUM($E$2:E15)) | J15: =IF(OR(A15="",B15=""),"",IF(K15="Rata pagata","Pagata",IF(K15="Da pagare","Da pagare",IF(B15<=TODAY(),"Scaduta","Da pagare"))))
A16: =IF(OR(A15="",A15>='Dati prestito'!$B$9),"",A15+1) | B16: =IF(OR(A16="",'Dati prestito'!$B$8=""),"",EDATE('Dati prestito'!$B$8,A16)) | C16: =IF(OR(A16="",G15=""),"",G15) | D16: =IF(OR(A16="",'Dati prestito'!$B$12=""),"",'Dati prestito'!$B$12) | E16: =IF(OR(A16="",D16="",F16=""),"",D16-F16) | F16: =IF(OR(A16="",C16="",'Dati prestito'!$B$10=""),"",C16*'Dati prestito'!$B$10/12) | G16: =IF(OR(A16="",C16="",E16=""),"",MAX(0,C16-E16)) | H16: =IF(OR(A16="",F16=""),"",SUM($F$2:F16)) | I16: =IF(OR(A16="",E16=""),"",SUM($E$2:E16)) | J16: =IF(OR(A16="",B16=""),"",IF(K16="Rata pagata","Pagata",IF(K16="Da pagare","Da pagare",IF(B16<=TODAY(),"Scaduta","Da pagare"))))
A17: =IF(OR(A16="",A16>='Dati prestito'!$B$9),"",A16+1) | B17: =IF(OR(A17="",'Dati prestito'!$B$8=""),"",EDATE('Dati prestito'!$B$8,A17)) | C17: =IF(OR(A17="",G16=""),"",G16) | D17: =IF(OR(A17="",'Dati prestito'!$B$12=""),"",'Dati prestito'!$B$12) | E17: =IF(OR(A17="",D17="",F17=""),"",D17-F17) | F17: =IF(OR(A17="",C17="",'Dati prestito'!$B$10=""),"",C17*'Dati prestito'!$B$10/12) | G17: =IF(OR(A17="",C17="",E17=""),"",MAX(0,C17-E17)) | H17: =IF(OR(A17="",F17=""),"",SUM($F$2:F17)) | I17: =IF(OR(A17="",E17=""),"",SUM($E$2:E17)) | J17: =IF(OR(A17="",B17=""),"",IF(K17="Rata pagata","Pagata",IF(K17="Da pagare","Da pagare",IF(B17<=TODAY(),"Scaduta","Da pagare"))))
A18: =IF(OR(A17="",A17>='Dati prestito'!$B$9),"",A17+1) | B18: =IF(OR(A18="",'Dati prestito'!$B$8=""),"",EDATE('Dati prestito'!$B$8,A18)) | C18: =IF(OR(A18="",G17=""),"",G17) | D18: =IF(OR(A18="",'Dati prestito'!$B$12=""),"",'Dati prestito'!$B$12) | E18: =IF(OR(A18="",D18="",F18=""),"",D18-F18) | F18: =IF(OR(A18="",C18="",'Dati prestito'!$B$10=""),"",C18*'Dati prestito'!$B$10/12) | G18: =IF(OR(A18="",C18="",E18=""),"",MAX(0,C18-E18)) | H18: =IF(OR(A18="",F18=""),"",SUM($F$2:F18)) | I18: =IF(OR(A18="",E18=""),"",SUM($E$2:E18)) | J18: =IF(OR(A18="",B18=""),"",IF(K18="Rata pagata","Pagata",IF(K18="Da pagare","Da pagare",IF(B18<=TODAY(),"Scaduta","Da pagare"))))
A19: =IF(OR(A18="",A18>='Dati prestito'!$B$9),"",A18+1) | B19: =IF(OR(A19="",'Dati prestito'!$B$8=""),"",EDATE('Dati prestito'!$B$8,A19)) | C19: =IF(OR(A19="",G18=""),"",G18) | D19: =IF(OR(A19="",'Dati prestito'!$B$12=""),"",'Dati prestito'!$B$12) | E19: =IF(OR(A19="",D19="",F19=""),"",D19-F19) | F19: =IF(OR(A19="",C19="",'Dati prestito'!$B$10=""),"",C19*'Dati prestito'!$B$10/12) | G19: =IF(OR(A19="",C19="",E19=""),"",MAX(0,C19-E19)) | H19: =IF(OR(A19="",F19=""),"",SUM($F$2:F19)) | I19: =IF(OR(A19="",E19=""),"",SUM($E$2:E19)) | J19: =IF(OR(A19="",B19=""),"",IF(K19="Rata pagata","Pagata",IF(K19="Da pagare","Da pagare",IF(B19<=TODAY(),"Scaduta","Da pagare"))))
A20: =IF(OR(A19="",A19>='Dati prestito'!$B$9),"",A19+1) | B20: =IF(OR(A20="",'Dati prestito'!$B$8=""),"",EDATE('Dati prestito'!$B$8,A20)) | C20: =IF(OR(A20="",G19=""),"",G19) | D20: =IF(OR(A20="",'Dati prestito'!$B$12=""),"",'Dati prestito'!$B$12) | E20: =IF(OR(A20="",D20="",F20=""),"",D20-F20) | F20: =IF(OR(A20="",C20="",'Dati prestito'!$B$10=""),"",C20*'Dati prestito'!$B$10/12) | G20: =IF(OR(A20="",C20="",E20=""),"",MAX(0,C20-E20)) | H20: =IF(OR(A20="",F20=""),"",SUM($F$2:F20)) | I20: =IF(OR(A20="",E20=""),"",SUM($E$2:E20)) | J20: =IF(OR(A20="",B20=""),"",IF(K20="Rata pagata","Pagata",IF(K20="Da pagare","Da pagare",IF(B20<=TODAY(),"Scaduta","Da pagare"))))
A21: =IF(OR(A20="",A20>='Dati prestito'!$B$9),"",A20+1) | B21: =IF(OR(A21="",'Dati prestito'!$B$8=""),"",EDATE('Dati prestito'!$B$8,A21)) | C21: =IF(OR(A21="",G20=""),"",G20) | D21: =IF(OR(A21="",'Dati prestito'!$B$12=""),"",'Dati prestito'!$B$12) | E21: =IF(OR(A21="",D21="",F21=""),"",D21-F21) | F21: =IF(OR(A21="",C21="",'Dati prestito'!$B$10=""),"",C21*'Dati prestito'!$B$10/12) | G21: =IF(OR(A21="",C21="",E21=""),"",MAX(0,C21-E21)) | H21: =IF(OR(A21="",F21=""),"",SUM($F$2:F21)) | I21: =IF(OR(A21="",E21=""),"",SUM($E$2:E21)) | J21: =IF(OR(A21="",B21=""),"",IF(K21="Rata pagata","Pagata",IF(K21="Da pagare","Da pagare",IF(B21<=TODAY(),"Scaduta","Da pagare"))))
A22: =IF(OR(A21="",A21>='Dati prestito'!$B$9),"",A21+1) | B22: =IF(OR(A22="",'Dati prestito'!$B$8=""),"",EDATE('Dati prestito'!$B$8,A22)) | C22: =IF(OR(A22="",G21=""),"",G21) | D22: =IF(OR(A22="",'Dati prestito'!$B$12=""),"",'Dati prestito'!$B$12) | E22: =IF(OR(A22="",D22="",F22=""),"",D22-F22) | F22: =IF(OR(A22="",C22="",'Dati prestito'!$B$10=""),"",C22*'Dati prestito'!$B$10/12) | G22: =IF(OR(A22="",C22="",E22=""),"",MAX(0,C22-E22)) | H22: =IF(OR(A22="",F22=""),"",SUM($F$2:F22)) | I22: =IF(OR(A22="",E22=""),"",SUM($E$2:E22)) | J22: =IF(OR(A22="",B22=""),"",IF(K22="Rata pagata","Pagata",IF(K22="Da pagare","Da pagare",IF(B22<=TODAY(),"Scaduta","Da pagare"))))
A23: =IF(OR(A22="",A22>='Dati prestito'!$B$9),"",A22+1) | B23: =IF(OR(A23="",'Dati prestito'!$B$8=""),"",EDATE('Dati prestito'!$B$8,A23)) | C23: =IF(OR(A23="",G22=""),"",G22) | D23: =IF(OR(A23="",'Dati prestito'!$B$12=""),"",'Dati prestito'!$B$12) | E23: =IF(OR(A23="",D23="",F23=""),"",D23-F23) | F23: =IF(OR(A23="",C23="",'Dati prestito'!$B$10=""),"",C23*'Dati prestito'!$B$10/12) | G23: =IF(OR(A23="",C23="",E23=""),"",MAX(0,C23-E23)) | H23: =IF(OR(A23="",F23=""),"",SUM($F$2:F23)) | I23: =IF(OR(A23="",E23=""),"",SUM($E$2:E23)) | J23: =IF(OR(A23="",B23=""),"",IF(K23="Rata pagata","Pagata",IF(K23="Da pagare","Da pagare",IF(B23<=TODAY(),"Scaduta","Da pagare"))))
... A121: =IF(OR(A120="",A120>='Dati prestito'!$B$9),"",A120+1) | B121: =IF(OR(A121="",'Dati prestito'!$B$8=""),"",EDATE('Dati prestito'!$B$8,A121)) | C121: =IF(OR(A121="",G120=""),"",G120) | D121: =IF(OR(A121="",'Dati prestito'!$B$12=""),"",'Dati prestito'!$B$12) | E121: =IF(OR(A121="",D121="",F121=""),"",D121-F121) | F121: =IF(OR(A121="",C121="",'Dati prestito'!$B$10=""),"",C121*'Dati prestito'!$B$10/12) | G121: =IF(OR(A121="",C121="",E121=""),"",MAX(0,C121-E121)) | H121: =IF(OR(A121="",F121=""),"",SUM($F$2:F121)) | I121: =IF(OR(A121="",E121=""),"",SUM($E$2:E121)) | J121: =IF(OR(A121="",B121=""),"",IF(K121="Rata pagata","Pagata",IF(K121="Da pagare","Da pagare",IF(B121<=TODAY(),"Scaduta","Da pagare"))))
A122: Totale piano | D122: =SUM(D2:D121) | E122: =SUM(E2:E121) | F122: =SUM(F2:F121) | H122: =SUM(H2:H121) | I122: =SUM(I2:I121) | J122: =COUNTIF($K$2:$K$11,"Rata pagata") | K122: Rate pagate prime 10

Sheet Dashboard
A1: Dashboard prestito ristrutturazione
A3: Indicatore | B3: Valore
A4: Importo finanziato | B4: =IFERROR(VLOOKUP("Importo finanziato",'Dati prestito'!$A$3:$B$23,2,FALSE),0)
A5: Rata mensile | B5: =IFERROR('Dati prestito'!$B$12,0)
A6: TAN annuo | B6: =IFERROR('Dati prestito'!$B$10,0)
A7: TAEG | B7: =IFERROR('Dati prestito'!$B$11,0)
A8: Totale interessi | B8: =IFERROR('Dati prestito'!$B$14,0)
A9: Debito residuo dopo rate pagate | B9: =IFERROR(VLOOKUP(COUNTIF('Piano ammortamento'!$J$2:$J$121,"Pagata"),'Piano ammortamento'!$A$2:$G$121,7,FALSE),'Dati prestito'!$B$7)
A10: Numero rate pagate | B10: =COUNTIF('Piano ammortamento'!$J$2:$J$121,"Pagata")
A11: Capitale rimborsato | B11: =IFERROR(SUMIF('Piano ammortamento'!$J$2:$J$121,"Pagata",'Piano ammortamento'!$E$2:$E$121)/'Dati prestito'!$B$7,0)
A12: Media quota interessi prime 10 | B12: =IFERROR(AVERAGE('Piano ammortamento'!$F$2:$F$11),0)
A16: Componente | B16: Importo
A17: Capitale | B17: =IFERROR('Dati prestito'!$B$7,0)
A18: Interessi | B18: =IFERROR('Dati prestito'!$B$14,0)

Sheet Istruzioni
A1: Istruzioni per l'utilizzo del modello
A3: Foglio | B3: Finalità | C3: Indicazioni operative | D3: Celle modificabili
A4: Dati prestito | B4: Inserimento dei dati contrattuali e riepilogo del finanziamento. | C4: Compilare le celle gialle con importo, durata, tassi, spese e dati dell'immobile. Le celle verdi calcolano rata, interessi e controlli. | D4: Celle gialle della colonna Valore.
A5: Piano ammortamento | B5: Monitoraggio delle rate mensili, del capitale e degli interessi. | C5: Le formule coprono 120 rate. Nella colonna Note selezionare Rata pagata, Da pagare, Pagamento parziale o Contestazione. | D5: Colonna Note per tutte le rate.
A6: Dashboard | B6: Sintesi per proprietario o investitore immobiliare. | C6: Consultare gli indicatori e i grafici per verificare esposizione residua, rate pagate e peso degli interessi. | D6: Nessuna cella: dati calcolati automaticamente.
A7: Stato delle rate | B7: Segnalazione visiva dei pagamenti. | C7: Le rate pagate sono evidenziate in verde. Le rate scadute e non pagate sono evidenziate in rosso in base alla data corrente. | D7: Aggiornare la colonna Note dopo ogni pagamento.
A8: Formati | B8: Convenzioni utilizzate nel file. | C8: Date in formato GG/MM/AAAA, importi in euro e tassi in percentuale. Le formule si aggiornano all'apertura del file. | D8: Usare valori numerici senza simboli aggiuntivi.
